% Time on Ice - PHOENIX MUSTANGS
Lines # - Real PCT - Wanted PCT - Time Play
Normal Forward
1 - 31% - 34% - 15:36
2 - 30% - 31% - 15:04
3 - 21% - 25% - 10:51
4 - 18% - 10% - 8:57
Normal Defense
1 - 38% - 40% - 19:12
2 - 34% - 38% - 17:21
3 - 28% - 22% - 13:55
4 - 0% - 0% - 0:00
PP Forward
1 - 51% - 60% - 4:49
2 - 49% - 40% - 4:43
PP Defense
1 - 53% - 58% - 5:03
2 - 47% - 42% - 4:29
PK Forward
1 - 0% - 50%
2 - 0% - 50%
PK Defense
1 - 0% - 58%
2 - 0% - 42%
PK3 Forward
1 - 0% - 50%
2 - 0% - 50%
PK3 Defense
1 - 0% - 50%
2 - 0% - 50%
44 Forward
1 - 0% - 50%
2 - 0% - 50%
44 Defense
1 - 0% - 50%
2 - 0% - 50%
Last Minute Offensive  - 0:00
Last Minute Defensive  - 0:00
Total
Forward - 60:00
Defense - 60:00
% Time on Ice - OKANAGAN RATTLESNAKES
Lines # - Real PCT - Wanted PCT - Time Play
Normal Forward
1 - 34% - 36% - 17:23
2 - 29% - 31% - 14:43
3 - 18% - 23% - 9:10
4 - 18% - 10% - 9:12
Normal Defense
1 - 33% - 36% - 16:48
2 - 32% - 31% - 16:08
3 - 28% - 23% - 14:14
4 - 7% - 10% - 3:18
PP Forward
1 - 0% - 55%
2 - 0% - 45%
PP Defense
1 - 0% - 55%
2 - 0% - 45%
PK Forward
1 - 61% - 55% - 5:47
2 - 39% - 45% - 3:45
PK Defense
1 - 47% - 55% - 4:28
2 - 53% - 45% - 5:04
PK3 Forward
1 - 0% - 55%
2 - 0% - 45%
PK3 Defense
1 - 0% - 55%
2 - 0% - 45%
44 Forward
1 - 0% - 55%
2 - 0% - 45%
44 Defense
1 - 0% - 55%
2 - 0% - 45%
Last Minute Offensive  - 0:00
Last Minute Defensive  - 0:00
Total
Forward - 60:00
Defense - 60:00
Play-by-Play 1st period 0:01 of 1st period - Kevin Labanc wins face-off versus John Tavares in neutral zone. 0:36 of 1st period - Shot by John Tavares. 0:36 of 1st period - Shot Misses the Net. 1:30 of 1st period - Shot by Jordan Eberle. 1:30 of 1st period - Stopped by Jack Campbell without a rebound. 1:31 of 1st period - Jason Spezza wins face-off versus Oskar Sundqvist in PHOENIX MUSTANGS zone. 1:48 of 1st period - Shot by Dustin Brown. 1:48 of 1st period - Stopped by Ville Husso without a rebound. 1:49 of 1st period - Luke Kunin wins face-off versus Rasmus Asplund in OKANAGAN RATTLESNAKES zone. 1:54 of 1st period - Shot by Eric Robinson. 1:54 of 1st period - Stopped by Jack Campbell without a rebound. 1:55 of 1st period - Luke Kunin wins face-off versus Jesper Fast in PHOENIX MUSTANGS zone. 2:02 of 1st period - Shot by Eric Robinson. 2:02 of 1st period - Shot Misses the Net. 2:12 of 1st period - Shot by Eric Robinson. 2:12 of 1st period - Stopped by Jack Campbell with a rebound. 2:41 of 1st period - Icing by Andrew Copp. 2:42 of 1st period - Ryan O'Reilly wins face-off versus Alexander Wennberg in PHOENIX MUSTANGS zone. 2:53 of 1st period - Shot by Alexander Wennberg. 2:53 of 1st period - Shot Blocked by Jeff Petry. 2:55 of 1st period - Shot by Alexander Wennberg. 2:55 of 1st period - Shot Misses the Net. 3:08 of 1st period - Shot by Alexander Wennberg. 3:08 of 1st period - Stopped by Jack Campbell without a rebound. 3:09 of 1st period - Oskar Sundqvist wins face-off versus Jason Spezza in PHOENIX MUSTANGS zone. 3:15 of 1st period - Oskar Sundqvist is hit by Jeremy Lauzon. 3:17 of 1st period - Shot by Colin White. 3:17 of 1st period - Shot Misses the Net. 3:19 of 1st period - Shot by Darren Helm. 3:19 of 1st period - Stopped by Jack Campbell without a rebound. 3:20 of 1st period - Ondrej Kase wins face-off versus Kevin Labanc in PHOENIX MUSTANGS zone. 3:45 of 1st period - Shot by Anders Lee. 3:45 of 1st period - Stopped by Jack Campbell without a rebound. 3:46 of 1st period - Jason Spezza wins face-off versus Oskar Sundqvist in PHOENIX MUSTANGS zone. 3:52 of 1st period - Off-side. 3:53 of 1st period - Jason Spezza wins face-off versus Oskar Sundqvist in neutral zone. 4:00 of 1st period - Shot by Dustin Brown. 4:00 of 1st period - Goal by Dustin Brown - PHOENIX MUSTANGS : 1 - OKANAGAN RATTLESNAKES : 0. 4:01 of 1st period - John Tavares wins face-off versus Alexander Wennberg in neutral zone. 5:01 of 1st period - Clayton Keller is hit by T.J. Oshie and loses puck. 5:08 of 1st period - Shot by T.J. Oshie. 5:08 of 1st period - Stopped by Jack Campbell without a rebound. 5:09 of 1st period - Jason Spezza wins face-off versus Darren Helm in PHOENIX MUSTANGS zone. 5:18 of 1st period - Travis Dermott is hit by David Perron and loses puck. 5:56 of 1st period - Off-side. 5:57 of 1st period - Anders Lee wins face-off versus Ryan O'Reilly in neutral zone. 7:00 of 1st period - Mike Hoffman is hit by Damon Severson and loses puck. 7:09 of 1st period - Shot by Alexander Wennberg. 7:09 of 1st period - Stopped by Jack Campbell without a rebound. 7:10 of 1st period - John Tavares wins face-off versus Oskar Sundqvist in PHOENIX MUSTANGS zone. 7:37 of 1st period - Shot by Teuvo Teravainen. 7:37 of 1st period - Stopped by Ville Husso without a rebound. 7:38 of 1st period - Jason Spezza wins face-off versus Alexander Wennberg in OKANAGAN RATTLESNAKES zone. 7:39 of 1st period - Shot by David Perron. 7:39 of 1st period - Deflect By Dustin Brown. 7:39 of 1st period - Shot Misses the Net. 7:47 of 1st period - Erik Karlsson is hit by Mike Hoffman. 7:54 of 1st period - Mike Hoffman is hit by Damon Severson and loses puck. 8:05 of 1st period - Shot by Alexander Wennberg. 8:05 of 1st period - Stopped by Jack Campbell without a rebound. 8:06 of 1st period - John Tavares wins face-off versus Kevin Labanc in PHOENIX MUSTANGS zone. 8:06 of 1st period - John Tavares is hit by T.J. Oshie. 8:16 of 1st period - Icing by Jeff Petry. 8:17 of 1st period - Luke Kunin wins face-off versus John Tavares in PHOENIX MUSTANGS zone. 8:17 of 1st period - Justin Faulk is hit by Radko Gudas and loses puck. 8:37 of 1st period - Shot by Clayton Keller. 8:37 of 1st period - Stopped by Ville Husso without a rebound. 8:38 of 1st period - Kevin Labanc wins face-off versus Jason Spezza in OKANAGAN RATTLESNAKES zone. 9:17 of 1st period - Shot by David Perron. 9:17 of 1st period - Stopped by Ville Husso without a rebound. 9:18 of 1st period - Ryan O'Reilly wins face-off versus Oskar Sundqvist in OKANAGAN RATTLESNAKES zone. 9:23 of 1st period - Shot by Andrew Copp. 9:23 of 1st period - Stopped by Ville Husso with a rebound. 9:33 of 1st period - Shot by Andrew Copp. 9:33 of 1st period - Shot Blocked by Justin Faulk. 9:44 of 1st period - Shot by Jeff Petry. 9:44 of 1st period - Deflect By Ryan O'Reilly. 9:44 of 1st period - Stopped by Ville Husso with a rebound. 9:46 of 1st period - Shot by Jeff Petry. 9:46 of 1st period - Stopped by Ville Husso without a rebound. 9:47 of 1st period - Jordan Eberle wins face-off versus Rasmus Asplund in OKANAGAN RATTLESNAKES zone. 9:52 of 1st period - Shot by Alexander Wennberg. 9:52 of 1st period - Stopped by Jack Campbell without a rebound. 9:53 of 1st period - Alexander Wennberg wins face-off versus John Tavares in PHOENIX MUSTANGS zone. 10:05 of 1st period - Minor Penalty to Alexander Wennberg for Holding. 10:06 of 1st period - Andrew Copp wins face-off versus Oskar Sundqvist in OKANAGAN RATTLESNAKES zone. 10:19 of 1st period - Shot by Ryan O'Reilly. 10:19 of 1st period - Deflect By Andrew Copp. 10:19 of 1st period - Shot Blocked by Travis Dermott. 10:38 of 1st period - Icing by Andrew Copp. 10:39 of 1st period - Ryan O'Reilly wins face-off versus Oskar Sundqvist in PHOENIX MUSTANGS zone. 11:37 of 1st period - Shot by Teuvo Teravainen. 11:37 of 1st period - Stopped by Ville Husso without a rebound. 11:38 of 1st period - Teuvo Teravainen wins face-off versus Jordan Eberle in OKANAGAN RATTLESNAKES zone. 11:41 of 1st period - Shot by John Tavares. 11:41 of 1st period - Goal by John Tavares - PHOENIX MUSTANGS : 2 - OKANAGAN RATTLESNAKES : 0. 11:42 of 1st period - Rasmus Asplund wins face-off versus Kevin Labanc in neutral zone. 13:55 of 1st period - Shot by Luke Kunin. 13:55 of 1st period - Stopped by Jack Campbell with a rebound. 13:57 of 1st period - Shot by Vince Dunn. 13:57 of 1st period - Stopped by Jack Campbell without a rebound. 13:58 of 1st period - Oskar Sundqvist wins face-off versus Jason Spezza in PHOENIX MUSTANGS zone. 14:01 of 1st period - Shot by Colin White. 14:01 of 1st period - Shot Misses the Net. 14:44 of 1st period - Shot by Anders Lee. 14:44 of 1st period - Shot Misses the Net. 14:46 of 1st period - Shot by T.J. Oshie. 14:46 of 1st period - Stopped by Jack Campbell with a rebound. 15:03 of 1st period - Shot by T.J. Oshie. 15:03 of 1st period - Stopped by Jack Campbell without a rebound. 15:04 of 1st period - Alexander Wennberg wins face-off versus Ryan O'Reilly in PHOENIX MUSTANGS zone. 15:19 of 1st period - Shot by Jordan Eberle. 15:19 of 1st period - Shot Misses the Net. 15:36 of 1st period - Ryan O'Reilly is hit by Markus Nutivaara and loses puck. 16:14 of 1st period - Off-side. 16:15 of 1st period - Kevin Labanc wins face-off versus John Tavares in neutral zone. 16:30 of 1st period - Shot by Anders Lee. 16:30 of 1st period - Stopped by Jack Campbell without a rebound. 16:31 of 1st period - Oskar Sundqvist wins face-off versus Rasmus Asplund in PHOENIX MUSTANGS zone. 16:31 of 1st period - Darren Helm is hit by Jeremy Lauzon and loses puck. 16:55 of 1st period - Darren Helm is hit by Jeremy Lauzon and loses puck. 17:09 of 1st period - Colin White is hit by Jeremy Lauzon and loses puck. 17:22 of 1st period - Justin Faulk is hit by Tyler Motte and loses puck. 18:03 of 1st period - Shot by Clayton Keller. 18:03 of 1st period - Shot Misses the Net. 18:05 of 1st period - Shot by Teuvo Teravainen. 18:05 of 1st period - Stopped by Ville Husso without a rebound. 18:06 of 1st period - Jordan Eberle wins face-off versus David Perron in OKANAGAN RATTLESNAKES zone. 18:20 of 1st period - David Perron is hit by Markus Nutivaara and loses puck. 19:11 of 1st period - Shot by Luke Kunin. 19:11 of 1st period - Shot Blocked by Teuvo Teravainen. 19:21 of 1st period - Shot by Luke Kunin. 19:21 of 1st period - Deflect By Ryan Reaves. 19:21 of 1st period - Shot Misses the Net. Goals for this period are 2 for PHOENIX MUSTANGS vs 0 for OKANAGAN RATTLESNAKES. Shots for this period are 11 for PHOENIX MUSTANGS vs 15 for OKANAGAN RATTLESNAKES. 2nd period 0:01 of 2nd period - Ryan O'Reilly wins face-off versus Kevin Labanc in neutral zone. 0:26 of 2nd period - Shot by Ryan O'Reilly. 0:26 of 2nd period - Stopped by Ville Husso without a rebound. 0:27 of 2nd period - Alexander Wennberg wins face-off versus Clayton Keller in OKANAGAN RATTLESNAKES zone. 0:41 of 2nd period - Shot by Mike Hoffman. 0:41 of 2nd period - Shot Blocked by Erik Karlsson. 0:49 of 2nd period - Shot by Jordan Eberle. 0:49 of 2nd period - Deflect By Alexander Wennberg. 0:49 of 2nd period - Shot Blocked by Erik Karlsson. 0:51 of 2nd period - Shot by Alexander Wennberg. 0:51 of 2nd period - Shot Misses the Net. 1:07 of 2nd period - Shot by Jordan Eberle. 1:07 of 2nd period - Stopped by Jack Campbell without a rebound. 1:08 of 2nd period - Ryan O'Reilly wins face-off versus Kevin Labanc in PHOENIX MUSTANGS zone. 1:37 of 2nd period - Shot by Ryan O'Reilly. 1:37 of 2nd period - Shot Blocked by Anders Lee. 1:45 of 2nd period